 Dungeon Crawl Stone Soup version 0.24.0-125-gc4c63601f3 (webtiles) character file.

Game seed: 560178186871078856, levelgen mode: deterministic

37 Amplified the Caller (level 3, 0/23 HPs)
             Began as a Halfling Summoner on Mar 11, 2020.
             Succumbed to an adder's poison
             ... on level 2 of the Dungeon.
             The game lasted 00:02:39 (807 turns).

Amplified the Caller (Halfling Summoner)             Turns: 807, Time: 00:02:40

Health: 0/23       AC:  3    Str:  9    XL:     3   Next: 62%
Magic:  3/6        EV: 15    Int: 14    God:
Gold:   39         SH:  0    Dex: 14    Spells: 5/6 levels left

rFire    . . .     SeeInvis .   e - +0 hand axe
rCold    . . .     Gourm    .   (shield restricted)
rNeg     . . .     Faith    .   a - +0 robe
rPois    .         Spirit   .   (no helmet)
rElec    .         Reflect  .   (no cloak)
rCorr    .         Harm     .   (no gloves)
MR       .....                  d - +0 pair of boots
Stlth    ++........             h - amulet of rage
HPRegen  0.07/turn              (no ring)
MPRegen  0.10/turn              (no ring)

@: lethally poisoned (0 -> -5)
A: small, mutation resistance 1
a: Evoke Berserk Rage


You were on level 2 of the Dungeon.
You were not hungry.

You visited 1 branch of the dungeon, and saw 2 of its levels.

You collected 39 gold pieces.

Inventory:

Hand Weapons
 b - a +0 club
 e - a +0 hand axe (weapon)
Armour
 a - a +0 robe (worn)
 d - a +0 pair of boots (worn)
 f - a cursed +0 scale mail
Jewellery
 h - an amulet of rage (around neck)
Comestibles
 c - 2 rations
 j - a chunk of flesh


   Skills:
 + Level 1.3 Fighting
 - Level 2.1 Dodging
 - Level 2.1 Stealth
 + Level 2.1 Spellcasting
 + Level 3.6 Summonings


You had 5 spell levels left.
You knew the following spells:

 Your Spells              Type           Power        Failure   Level  Hunger
a - Summon Small Mammal   Summ           ##..         5%          1    ##.....

Your spell library contained the following spells:

 Spells                   Type           Power        Failure   Level  Hunger
 Call Imp                 Summ           ##......     9%          2    ###....
 Call Canine Familiar     Summ           ##......     16%         3    ####...
 Summon Guardian Golem    Hex/Summ       #.......     32%         3    ####...
 Summon Ice Beast         Ice/Summ       #.......     73%         4    #####..
 Summon Lightning Spire   Summ/Air       #.......     73%         4    #####..


Dungeon Overview and Level Annotations

Branches:
Dungeon (2/15)

Altars:


Innate Abilities, Weirdness & Mutations

You are small and have problems with some larger weapons.
You are somewhat resistant to further mutation.


Message History

* * * LOW HITPOINT WARNING * * *
You feel sick.
Your bat hits the adder but does no damage.
Your bat barely misses the adder.
The adder closely misses you.
The kobold throws a stone.
The stone hits your bat but does no damage.
Your bat hits the kobold but does no damage.
You hit the adder.
The adder is severely wounded.
Your bat hits the adder.
Your bat closely misses the adder.
The adder bites your bat.
Your bat dies!
Your bat's corpse disappears in a puff of smoke!
The adder bites your bat.
Your bat dies!
Your bat's corpse disappears in a puff of smoke!
The adder hisses angrily.
You miss the adder.
The adder is almost dead.
You die...

... ..... ....
... #####'###
##@#.S...#
##S.#.....#..
#.ยง.K.%...'..
#....#..=..#.
#....[#.....#
#....####'###
+.$.# .. #..#
.# #.#


You could see an adder and a kobold.

Vanquished Creatures
  An adder (D:2)
  An ooze (D:1)
  2 dart slugs (D:1)
  3 goblins
  3 kobolds (D:1)
  6 bats (D:1)
  3 rats
19 creatures vanquished.

Vanquished Creatures (collateral kills)
  A goblin (D:1)
  2 hobgoblins
  A ball python (D:1)
  2 bats (D:1)
  A rat (D:1)
7 creatures vanquished.

Grand Total: 26 creatures vanquished

Notes
Turn   | Place    | Note
-------+----------+-------------------------------------------
     0 | D:1      | Amplified the Halfling Summoner began the quest for the
                  | Orb.
     0 | D:1      | Reached XP level 1. HP: 11/11 MP: 3/3
   141 | D:1      | Reached XP level 2. HP: 14/18 MP: 1/4
   325 | D:1      | Reached skill level 1 in Fighting
   325 | D:1      | Reached XP level 3. HP: 21/23 MP: 3/5
   805 | D:2      | HP: 1/23 [poisoned by an adder]
   807 | D:2      | Succumbed to an adder's poison

Levels and vault maps discovered:
D:1:      denvon_arrival_waterhouse, layout_basic
D:2:      layout_rooms, lemuel_coloured_pillars_altar, minmay_quadrilaterals

Skill      XL: |  1  2  3 |
---------------+----------+-----
Fighting       | 1 |  1.3
Spellcasting   | 2 |  2.1
Dodging        | |  2.1
Stealth        | |  2.1
Summonings     | |  3.6

Action                   || total
-------------------------++-------
Melee: Unarmed           ||     7
       Club              ||     6
       Hand axe          ||    64
 Cast: Summon Small Mamm ||    18
 Abil: Evoke Berserk Rag ||     1
  Use: Potion            ||     3
       Scroll            ||     2
  Eat: Chunk             ||     1
Armor: Robe              ||    30
Dodge: Dodged            ||   129
